 Dungeon Crawl Stone Soup version 0.30.0-5-g1a98f26d00 (webtiles) character file.

Game seed: 14940297598485038892

2232 jasper the Cleaver (level 9, -2/78 HPs)
             Began as a Hill Orc Wanderer on May 11, 2023.
             Was a Believer of Qazlal.
             Slain by an orc warrior
             ... wielding a +0 glaive
              (15 damage)
             ... in a bailey.
             The game lasted 00:08:53 (4758 turns).

jasper the Cleaver (Hill Orc Wanderer)              Turns: 4758, Time: 00:08:54

Health: -2/78      AC: 15    Str: 17    XL:     9   Next: 36%
Magic:  6/10       EV:  7    Int: 12    God:    Qazlal [**....]
Gold:   313        SH:  8    Dex: 12    Spells: 8/8 levels left

rFire   . . .        E - +0 war axe
rCold   . . .        s - +0 buckler
rNeg    . . .        d - +0 chain mail
rPois   .            l - +0 hat
rElec   .            c - +0 cloak
rCorr   .            x - +1 pair of gloves
SInv    .            m - +0 pair of boots
Will    .....        p - amulet of regeneration Stlth
                     (no ring)
HPRegen 1.13/turn    (no ring)
MPRegen 0.12/turn

%: no passive effects
@: no status effects
A: no striking features
a: Renounce Religion, Upheaval


You were in a bailey.
You worshipped Qazlal.
Qazlal was pleased with you.
You visited 1 branch of the dungeon, and saw 7 of its levels.
You also visited: Bailey.

You collected 313 gold pieces.

Inventory:

Hand Weapons
 a - a +2 hand axe
 z - a +0 mace
 E - a +0 war axe (weapon)
 F - a +0 flail
 J - a +0 flail of holy wrath
Missiles
 n - 47 stones
 v - 5 poisoned darts
 C - 7 boomerangs (quivered)
 G - 3 javelins
Armour
 c - a +0 cloak (worn)
 d - a +0 chain mail (worn)
 e - a +0 robe
 f - a +0 leather armour
 i - a +0 ring mail
 l - a +0 hat (worn)
 m - a +0 pair of boots (worn)
 s - a +0 buckler (worn)
 x - a +1 pair of gloves (worn)
 y - a +0 scale mail
Jewellery
 p - an amulet of regeneration (around neck)
 A - a ring of willpower
Wands
 I - a wand of flame (19)
Scrolls
 b - 2 scrolls of fog
 h - a scroll of poison
 j - a scroll of identify
Potions
 g - 2 potions of resistance
 k - 7 potions of curing
 o - a potion of haste
 q - 3 potions of brilliance {unknown}
 r - a potion of berserk rage {unknown}
 t - a potion of magic {unknown}
 u - 5 potions of attraction {unknown}
 B - 3 potions of flight {unknown}
 D - 3 potions of mutation {unknown}


   Skills:
 + Level 6.9 Fighting
 * Level 12.6 Axes
 - Level 1.0 Throwing
 + Level 6.8 Armour
 - Level 1.0 Dodging
 + Level 2.5 Shields
 + Level 1.4 Invocations


You had 8 spell levels left.
You didn't know any spells.
Your spell library contained the following spells:

 Spells                   Type           Power      Damage    Failure   Level
 Ozocubu's Armour         Ice            0%         N/A       100%        3
 Metabolic Englaciation   Hex/Ice        0%         N/A       100%        5
 Simulacrum               Ice/Necr       0%         N/A       100%        6


Dungeon Overview and Level Annotations

Branches:
Dungeon (8/15)             Temple (0/1) D:6          Bailey (1/1)
   Lair: D:8-11

Altars:
Gozag
Makhleb
Qazlal
Trog
Yredelemnul

Annotations:
D:5 Prince Ribbit


Message History

You can no longer give life to nearby clouds.
The orc warrior hits you from afar with a +0 glaive!
* * * LOW HITPOINT WARNING * * *
You take 7 damage, and have 18/78 hp.
You now have 4/10 mp.
You regained 2 hp, and now have 23/78 hp.
There is an open door here.
You close the door.
An orc warrior opens the door.
You close the door.
An orc warrior breaks down the door.
It's broken and can't be closed.
You feel much better. The orc warrior closely misses you.
The orc warrior hits you but does no damage.
You regained 21 hp, and now have 50/78 hp.
The orc warrior barely misses you.
The orc warrior hits you with a +0 glaive!
You block the orc warrior's attack.
There is a broken door here.
You take 6 damage, and have 44/78 hp.
You barely miss the orc warrior. You hit the orc warrior.
The orc warrior hits you with a +0 glaive!
You block the orc warrior's attack.
The orc warrior hits you with a +0 glaive.
You take 13 damage, and have 31/78 hp.
You hit the orc warrior.
The orc warrior is lightly wounded.
You barely miss the orc warrior.
The orc warrior hits you but does no damage.
The orc warrior hits you with a +0 glaive. x2
* * * LOW HITPOINT WARNING * * *
You take 9 damage, and have 22/78 hp.
You hit the orc warrior.
The orc warrior is moderately wounded.
You closely miss the orc warrior.
You hit the orc warrior but do no damage.
The orc warrior is moderately wounded.
You hit the orc warrior but do no damage.
The orc warrior hits you with a +0 glaive!
* * * LOW HITPOINT WARNING * * *
The orc warrior is engulfed in freezing vapours.
The orc warrior hits you with a +0 glaive!
You die...

######### ##≈≈≈≈≈≈≈##
##≈≈≈...≈≈≈##
##≈≈⌠.....⌠≈≈######
≈≈≈.........≈≈≈≈#.##
.....≈≈≈≈≈......#..##
....≈≈...≈≈.....#..≈#
.≈.≈≈.≈.≈.≈≈.≈..@o.≈#
≈≈)≈.≈≈.≈≈.≈.≈≈○#o.≈#
≈.≈≈.≈...≈.≈≈.≈.#o.≈#
≈.≈.≈≈...≈≈.≈.≈.#..≈#
≈.≈.≈.⌠∩⌠.≈.≈.≈.#..≈#
≈.≈.≈..∩..≈.≈.≈.#..≈#
≈.≈.≈.⌠∩⌠.≈.≈.≈.#..≈#
≈.≈.≈≈...≈≈.≈.≈.#..≈#
≈.≈≈.≈...≈.≈≈.≈ #.)≈#


You could see 3 orc warriors.

Vanquished Creatures
  Joseph (D:7)
  A shadow (D:7)
  An orc warrior (D:7)
  3 ice beasts
  2 ogres (D:6)
  A centaur (Bailey)
  5 bullfrogs
  A gnoll sergeant (D:7)
  2 scorpions
  3 howler monkeys (D:8)
  4 hounds (D:6)
  A jelly (D:8)
  An orc priest (D:7)
  2 iguanas
  Natasha (thrice) (D:2)
  An orc wizard (D:7)
  5 adders
  5 gnolls (D:7)
  A white imp (D:6)
  An ufetubus (D:7)
  2 worms (D:3)
  2 dart slugs
  28 orcs
  A ball python (D:2)
  A bat (D:2)
  2 endoplasms (D:1)
  3 giant cockroaches (D:1)
  7 goblins
  5 hobgoblins
  4 jackals (D:2)
  6 kobolds
  4 quokkas
  A frilled lizard (D:3)
  3 rats
113 creatures vanquished.

Notes
Turn   | Place    | Note
-------+----------+-------------------------------------------
     0 | D:1      | jasper the Hill Orc Wanderer began the quest for the Orb.
     0 | D:1      | jasper set off with the following items: a +2 hand axe, a
                  | scroll of fog, a +0 cloak, a potion of lignification, a +0
                  | robe.
     0 | D:1      | Reached XP level 1. HP: 14/14 MP: 1/1
   233 | D:1      | Reached XP level 2. HP: 18/22 MP: 2/2
   482 | D:1      | Reached skill level 1 in Fighting
   597 | D:1      | Reached skill level 7 in Axes
   989 | D:2      | Reached XP level 3. HP: 28/28 MP: 3/3
  1042 | D:2      | Noticed Natasha
  1056 | D:2      | Killed Natasha
  1097 | D:2      | Noticed Natasha
  1104 | D:2      | Killed Natasha
  1105 | D:2      | Reached XP level 4. HP: 30/36 MP: 4/4
  1495 | D:2      | Noticed Natasha
  1512 | D:2      | Killed Natasha
  1513 | D:2      | Reached skill level 8 in Axes
  1513 | D:2      | Reached XP level 5. HP: 40/42 MP: 5/5
  1757 | D:3      | Found a faded altar of an unknown god.
  1794 | D:3      | Prayed at the altar of an unknown god.
  1794 | D:3      | Became a worshipper of Qazlal Stormbringer
  1794 | D:3      | Reached * piety under Qazlal
  1884 | D:3      | You fall into a shaft and drop 3 floors!
  1913 | D:6      | Noticed an ice beast
  1924 | D:6      | Killed an ice beast
  1925 | D:6      | Reached XP level 6. HP: 51/51 MP: 6/6
  1949 | D:6      | Found a staircase to the Ecumenical Temple.
  2072 | D:6      | Found a bloodstained altar of Trog.
  2092 | D:6      | Found an opulent altar of Gozag.
  2105 | D:6      | Reached skill level 9 in Axes
  2108 | D:6      | Found a burning altar of Makhleb.
  2108 | D:6      | Found a basalt altar of Yredelemnul.
  2367 | D:6      | Reached XP level 7. HP: 58/59 MP: 7/7
  2389 | D:5      | Entered Level 5 of the Dungeon
  2503 | D:5      | Noticed Prince Ribbit
  2761 | D:6      | Reached ** piety under Qazlal
  2762 | D:6      | Reached skill level 10 in Axes
  2897 | D:6      | Reached skill level 5 in Armour
  3331 | D:7      | Reached XP level 8. HP: 53/67 MP: 8/8
  3351 | D:7      | Reached skill level 5 in Fighting
  3888 | D:7      | Noticed Joseph
  3934 | D:7      | HP: 3/69 [Joseph/+2 spectral quarterstaff (10)]
  3945 | D:7      | Killed Joseph
  3946 | D:7      | Reached skill level 11 in Axes
  4161 | D:7      | Noticed a shadow
  4185 | D:7      | Killed a shadow
  4186 | D:7      | Reached skill level 12 in Axes
  4186 | D:7      | Reached skill level 1 in Shields
  4186 | D:7      | Reached XP level 9. HP: 54/78 MP: 9/9
  4533 | D:8      | Found a flagged portal.
  4558 | Bailey   | Entered a bailey
  4590 | Bailey   | Reached *** piety under Qazlal
  4758 | Bailey   | Slain by an orc warrior

Illustrated notes

Levels and vault maps discovered:
D:1:      dpeg_arrival_rooms_c, layout_basic
D:2:      layout_loops_cross, uniq_natasha
D:3:      layout_basic, shapermc_ecumenical_altar_flowoftime
D:5:      layout_loops_corners, dancing_weapons_uskayaw, serial_rivers,
          chequers_serial_rivers_marsh, chequers_serial_rivers_large_b,
          chequers_serial_rivers_micro_b, chequers_serial_rivers_micro_c,
          chequers_serial_rivers_micro_e, uniq_prince_ribbit1, uniq_duvessa
D:6:      layout_gridville, grunt_temple_overflow_open, temple_fountains
D:7:      kennysheep_six_static_rooms, layout_loops_ring, uniq_joseph
D:8:      hangedman_cross_veins, layout_basic, mainiacjoe_overflow_tiny_flanked,
          enter_bailey_3, serial_shops, nicolae_shop_behind_doors,
          nicolae_shop_rolling_square, nicolae_stop_n_shop_1,
          lemuel_flamethrower_1
Bailey:   bailey_polearm_flooded_kennysheep, bailey

Skill      XL: |  1  2  3  4  5  6  7  8  9 |
---------------+----------------------------+-----
Fighting       | 1 2 3 4 6 |  6.9
Axes           | 7 8 9 10 12 | 12.6
Armour         | 3 4 5 6 |  6.8
Shields        | 1 2 |  2.5
Throwing       | |  1.0
Dodging        | |  1.0
Invocations    | |  1.4

Action                     |  1- 3 |  4- 6 |  7- 9 || total
---------------------------+-------+-------+-------++-------
  Melee: Hand axe          |    60 |   167 |   278 ||   505
         Punch             |     2 |     2 |     3 ||     7
         Unarmed           |       |     5 |       ||     5
         War axe           |       |       |    35 ||    35
  Throw: Stone             |     3 |       |       ||     3
         Boomerang         |       |     4 |    63 ||    67
         Dart              |       |       |     1 ||     1
 Invoke: Upheaval          |       |       |     2 ||     2
    Use: Scroll            |     2 |       |     9 ||    11
         Potion            |       |     1 |     3 ||     4
 Armour: Ring mail         |    21 |    48 |       ||    69
         Leather armour    |     1 |       |       ||     1
         Skin              |       |     4 |       ||     4
         Chain mail        |       |    24 |   136 ||   160
         Scale mail        |       |     1 |       ||     1
  Dodge: Dodged            |    24 |    72 |    81 ||   177
  Block: Other             |       |     2 |    12 ||    14
         Buckler           |       |       |    34 ||    34
